Map: Blackburn LE

Players

Pumba - Winner!

  • Race: Protoss Protoss
  • League: Master
  • Spawn Location: 5:00

CaptCanuck

  • Race: Protoss Protoss
  • League: Master
  • Spawn Location: 7:00

VOD

Have the link to the VOD?

Description

Time

  • Played on: April 5, 2022, 7:26 p.m.
  • Length: 13:06
Show
View Real Time Build Order
Export as new Build Order

Pumba Protoss - Winner!

Build Orders: Phoenix Opening, Blink Stalkers 

Get SALT Encoding   

  12  0:00  Probe  
  13  0:13  Probe  
  14  0:18  Pylon  
  14  0:26  Probe (Chrono Boost)  
  15  0:38  Probe (Chrono Boost)  
  15  0:39  Gateway  
  16  0:46  Probe (Chrono Boost)  
  16  0:47  Assimilator  
  17  0:52  Probe  
  17  0:56  Assimilator  
  18  1:04  Probe (Chrono Boost)  
  19  1:14  Probe (Chrono Boost), Gateway  
  20  1:19  Probe (Chrono Boost)  
  21  1:26  Cybernetics Core  
  21  1:31  Probe  
  22  1:38  Pylon  
  22  1:43  Probe  
  23  1:56  Probe  
  24  2:04  Sentry  
  24  2:07  Stalker  
  28  2:09  Probe  
  28  2:12  Warp Gate  
  29  2:20  Pylon  
  29  2:32  Probe  
  30  2:37  Phoenix  
  30  2:38  Sentry  
  32  2:50  Sentry  
  34  2:52  Pylon  
  34  3:04  Nexus  
  34  3:05  Shield Battery, Probe  
  34  3:15  Twilight Council  
  34  3:23  Probe  
  34  3:26  Phoenix  
  35  3:27  Stalker x2  
  39  3:44  Pylon  
  39  3:47  Forge, Probe  
  40  3:54  Blink (Chrono Boost)  
  41  4:02  Probe  
  41  4:09  Stalker  
  43  4:13  Protoss Ground Weapons Level 1 (Chrono Boost)  
  43  4:15  Probe  
  44  4:17  Probe  
  45  4:27  Probe  
  45  4:29  Probe  
  47  4:40  Stalker  
  47  4:41  Probe (Chrono Boost)  
  47  4:42  Probe (Chrono Boost)  
  53  4:52  Probe (Chrono Boost)  
  53  4:55  Probe (Chrono Boost)  
  53  4:57  Probe (Chrono Boost)  
  53  4:59  Stalker  
  56  5:03  Probe  
  57  5:07  Nexus  
  57  5:08  Probe  
  58  5:18  Gateway  
  58  5:20  Gateway  
  58  5:22  Probe  
  58  5:24  Assimilator  
  59  5:29  Robotics Facility  
  59  5:32  Probe  
  59  5:34  Probe  
  61  5:38  Pylon  
  61  5:41  Pylon  
  61  5:44  Probe  
  62  5:51  Pylon  
  62  5:56  Probe  
  63  6:00  Probe  
  63  6:02  Stalker x2  
  68  6:08  Protoss Ground Weapons Level 2 (Chrono Boost)  
  68  6:10  Shield Battery  
  68  6:14  Probe x2  
  68  6:17  Observer  
  68  6:18  Stalker  
  73  6:22  Stalker  
  73  6:24  Shield Battery  
  75  6:26  Probe  
  75  6:27  Probe  
  76  6:38  Probe  
  76  6:39  Probe x2  
  76  6:46  Stalker x3  
  82  6:51  Probe x2 (Chrono Boost)  
  85  6:55  Warp Prism, Probe (Chrono Boost)  
  85  6:58  Charge (Chrono Boost)  
  87  7:03  Probe x2 (Chrono Boost)  
  87  7:06  Probe (Chrono Boost)  
  87  7:08  Probe (Chrono Boost)  
  90  7:15  Gateway x2  
  91  7:16  Gateway  
  91  7:18  Probe x2  
  93  7:31  Stalker x4  
  101  7:38  Assimilator  
  101  7:46  Pylon  
  101  7:47  Pylon  
  101  7:49  Pylon  
  101  8:02  Photon Cannon  
  101  8:03  Photon Cannon  
  101  8:04  Probe x3, Photon Cannon  
  104  8:09  Observer (Chrono Boost)  
  105  8:14  Assimilator  
  105  8:16  Probe x3  
  105  8:18  Assimilator  
  108  8:21  Immortal (Chrono Boost), Templar Archives  
  112  8:28  Probe x3  
  112  8:29  Stalker x3  
  119  8:40  Probe x2  
  119  8:41  Protoss Ground Weapons Level 3 (Chrono Boost)  
  121  8:51  Pylon  
  121  8:55  Nexus  
  121  8:57  Pylon  
  121  8:58  Pylon  
  121  8:59  Pylon x2  
  120  9:03  Stalker  
  120  9:04  Stalker  
  124  9:14  Photon Cannon  
  124  9:18  Shield Battery, Photon Cannon, Stalker x2  
  124  9:20  Zealot  
  128  9:36  Nexus  
  124  9:38  Shield Battery  
  124  9:39  Zealot x4  
  128  9:59  Assimilator  
  128  10:03  Assimilator  
  128  10:23  High Templar x7  
  128  10:26  Gateway  
  128  10:27  Gateway  
  128  10:29  Gateway  
  128  10:30  Gateway  
  128  10:35  Archon, Gateway  
  128  10:36  Archon x2  
  128  10:56  Pylon  
  128  11:00  Pylon  
  128  11:01  Pylon  
  128  11:03  Photon Cannon, Pylon  
  128  11:07  Photon Cannon  
  128  11:10  Observer  
  128  11:12  Shield Battery  
  128  11:13  High Templar  
  128  11:14  High Templar x2  
  128  11:15  High Templar x2  
  128  11:18  Archon x2  
  128  11:19  Archon  
  128  12:13  Zealot x5  
  128  12:29  Pylon  
  128  12:41  Pylon  
  128  12:55  Pylon  
Show
View Real Time Build Order
Export as new Build Order

CaptCanuck Protoss 

Build Orders: Phoenix Opening, Zealot Archon 

Get SALT Encoding   

  12  0:00  Probe  
  13  0:12  Probe  
  14  0:17  Pylon  
  14  0:24  Probe  
  15  0:36  Probe (Chrono Boost)  
  15  0:38  Gateway  
  16  0:47  Assimilator  
  16  0:48  Probe (Chrono Boost)  
  17  0:52  Probe (Chrono Boost)  
  18  1:03  Probe  
  19  1:04  Assimilator  
  19  1:15  Probe  
  19  1:17  Gateway  
  20  1:27  Probe  
  20  1:28  Cybernetics Core  
  21  1:35  Pylon  
  21  1:39  Probe  
  22  1:51  Probe  
  23  2:02  Warp Gate (Chrono Boost)  
  23  2:03  Probe  
  23  2:04  Stalker x2  
  28  2:20  Pylon  
  28  2:29  Pylon  
  28  2:46  Sentry x2  
  28  2:47  Nexus  
  32  2:57  Shield Battery, Probe  
  33  3:09  Probe  
  33  3:11  Pylon  
  34  3:15  Stalker  
  36  3:25  Twilight Council  
  36  3:29  Phoenix  
  36  3:38  Probe  
  39  3:46  Robotics Facility  
  39  3:53  Probe (Chrono Boost)  
  38  4:01  Probe (Chrono Boost)  
  39  4:05  Probe (Chrono Boost)  
  41  4:10  Probe (Chrono Boost)  
  41  4:12  Probe (Chrono Boost)  
  41  4:15  Probe (Chrono Boost)  
  42  4:19  Probe  
  42  4:21  Phoenix  
  44  4:27  Charge (Chrono Boost)  
  44  4:32  Probe x2  
  44  4:37  Observer  
  47  4:39  Pylon  
  47  4:44  Probe  
  48  4:46  Pylon  
  48  4:57  Forge  
  48  4:58  Warp Prism  
  50  5:14  Gateway x2  
  50  5:18  Gateway  
  50  5:19  Stalker x2  
  50  5:21  Gateway  
  54  5:27  Probe  
  54  5:28  Probe  
  56  5:32  Pylon  
  56  5:39  Probe  
  58  5:42  Probe  
  58  5:43  Protoss Ground Weapons Level 1 (Chrono Boost)  
  58  5:48  Blink (Chrono Boost)  
  58  5:49  Assimilator x2  
  58  5:51  Probe  
  59  6:06  Probe  
  60  6:19  Zealot x4  
  60  6:20  Zealot x2  
  60  6:21  Observer  
  72  6:29  Nexus  
  70  6:35  Observer  
  70  6:36  Pylon  
  61  6:40  Probe  
  61  6:43  Probe  
  63  6:48  Pylon  
  63  6:49  Phoenix  
  63  6:53  Probe  
  63  6:55  Probe  
  64  7:01  Templar Archives  
  64  7:03  Gateway  
  64  7:05  Probe  
  64  7:07  Probe  
  66  7:11  Shield Battery  
  66  7:17  Probe, Stalker x2  
  66  7:19  Sentry, Probe  
  74  7:29  Probe  
  75  7:32  Probe  
  76  7:41  Probe, Protoss Ground Weapons Level 2 (Chrono Boost)  
  76  7:42  High Templar x2  
  76  7:43  Phoenix  
  76  7:44  Probe  
  82  7:48  Archon  
  82  7:53  Probe x2  
  82  7:56  Probe  
  85  8:03  High Templar x2  
  85  8:04  Stalker  
  85  8:05  Probe x2, Stalker  
  95  8:07  Archon  
  95  8:08  Probe  
  95  8:10  Observer  
  97  8:17  Probe x2  
  99  8:20  Assimilator  
  99  8:22  Pylon  
  99  8:26  Gateway  
  99  8:28  Gateway  
  99  8:30  Gateway  
  99  8:36  Pylon  
  99  8:40  Immortal  
  103  8:42  Pylon  
  103  8:48  Adept x2  
  107  8:49  Pylon  
  107  8:50  Pylon  
  107  8:54  Pylon  
  89  9:13  Zealot x5  
  89  9:16  Probe x2  
  89  9:17  Probe  
  100  9:25  Zealot x3  
  100  9:26  Zealot x2  
  100  9:28  Probe x2  
  108  9:33  Warp Prism  
Tags
 
Add a new tag
Caveats
  • Supply blocks, unpowered buildings, or Contaminate may cause inaccurate times.
  • Supply counts are checked every 10 seconds.